Map: Vaani Research Station (Void)

Players

turbonic

  • Race: Protoss Protoss
  • League: Platinum
  • Spawn Location: 12:00

Valkyrie - Winner!

  • Race: Zerg Zerg
  • League: Platinum
  • Spawn Location: 6:00

VOD

Have the link to the VOD?

Description

Time

  • Played on: Nov. 25, 2016, 5:06 p.m.
  • Length: 16:37
Show
View Real Time Build Order
Export as new Build Order

turbonic Protoss 

Build Orders:  

Get SALT Encoding   

  12  0:01  Probe (Chrono Boost)  
  13  0:12  Probe (Chrono Boost)  
  14  0:21  Pylon  
  14  0:24  Probe (Chrono Boost)  
  15  0:40  Pylon, Probe (Chrono Boost)  
  16  0:50  Probe (Chrono Boost)  
  17  1:00  Forge  
  17  1:20  Nexus  
  17  1:32  Gateway  
  17  1:42  Photon Cannon  
  17  1:57  Pylon  
  17  2:04  Photon Cannon  
  17  2:07  Probe (Chrono Boost)  
  18  2:20  Cybernetics Core  
  18  2:22  Zealot  
  20  2:29  Assimilator  
  20  2:31  Probe (Chrono Boost)  
  20  2:34  Probe (Chrono Boost)  
  22  2:45  Photon Cannon  
  22  2:46  Probe (Chrono Boost)  
  22  2:49  Probe (Chrono Boost)  
  24  3:00  Assimilator, Probe (Chrono Boost)  
  24  3:04  Probe (Chrono Boost)  
  26  3:10  Probe (Chrono Boost)  
  27  3:13  Stalker  
  27  3:19  Warp Gate  
  29  3:21  Probe (Chrono Boost)  
  30  3:32  Probe (Chrono Boost)  
  31  3:35  Gateway  
  31  3:36  Gateway  
  31  3:42  Gateway, Probe (Chrono Boost)  
  31  3:46  Stalker  
  31  3:47  Protoss Ground Weapons Level 1  
  32  3:53  Probe (Chrono Boost)  
  35  3:59  Probe (Chrono Boost)  
  37  4:10  Assimilator  
  37  4:11  Probe (Chrono Boost)  
  37  4:13  Photon Cannon  
  37  4:17  Gateway  
  37  4:25  Pylon  
  38  4:32  Probe (Chrono Boost)  
  38  4:39  Gateway  
  38  4:43  Probe (Chrono Boost)  
  39  4:54  Pylon, Probe (Chrono Boost)  
  40  5:04  Probe (Chrono Boost)  
  40  5:06  Probe (Chrono Boost)  
  42  5:16  Probe (Chrono Boost)  
  42  5:20  Photon Cannon  
  44  5:23  Probe (Chrono Boost)  
  44  5:26  Stalker  
  44  5:27  Stalker x2  
  44  5:28  Stalker  
  52  5:35  Stalker x2  
  56  5:39  Probe (Chrono Boost)  
  57  5:43  Photon Cannon  
  58  5:50  Stalker x3  
  58  5:51  Stalker  
  66  6:02  Stalker x2  
  66  6:03  Mothership Core (Chrono Boost)  
  55  6:18  Stalker x3  
  55  6:19  Stalker  
  55  6:23  Probe (Chrono Boost)  
  60  6:31  Stalker x2  
  64  6:35  Probe (Chrono Boost)  
  64  6:38  Pylon  
  65  6:40  Protoss Ground Armor Level 1  
  65  6:42  Stalker x2  
  69  6:49  Pylon  
  69  6:57  Stalker x2  
  69  6:58  Zealot  
  69  7:00  Zealot  
  77  7:10  Pylon  
  77  7:12  Stalker x2  
  81  7:19  Stalker  
  81  7:21  Zealot  
  85  7:31  Stalker x2  
  89  7:41  Stalker x2  
  93  7:53  Pylon  
  93  7:58  Pylon  
  93  8:12  Stalker x3  
  97  8:13  Stalker  
  101  8:25  Stalker x2  
  105  8:36  Zealot  
  105  8:37  Zealot  
  109  8:45  Pylon  
  109  8:59  Assimilator  
  109  9:02  Probe (Chrono Boost)  
  110  9:04  Stalker x2  
  110  9:05  Stalker x2  
  101  9:44  Zealot x2  
  101  9:45  Zealot x2  
  83  9:47  Pylon  
  83  9:49  Pylon  
  83  9:51  Pylon  
  35  10:00  Mothership Core (Chrono Boost)  
  35  10:04  Pylon  
  35  10:23  Twilight Council  
  35  10:47  Nexus  
  35  11:02  Dark Shrine  
  35  11:08  Probe (Chrono Boost)  
  34  11:39  Probe (Chrono Boost)  
  35  11:51  Probe (Chrono Boost)  
  36  12:00  Probe (Chrono Boost)  
  37  12:14  Dark Templar  
  37  12:15  Dark Templar x3  
  45  12:23  Assimilator  
  45  12:35  Probe x2 (Chrono Boost)  
  47  12:47  Dark Templar x2  
  47  12:48  Dark Templar  
  47  12:49  Dark Templar  
  55  12:56  Probe (Chrono Boost)  
  40  13:35  Robotics Facility  
  40  13:45  Probe (Chrono Boost)  
  41  13:50  Assimilator  
  41  13:51  Stalker x4  
  49  14:13  Probe (Chrono Boost)  
  50  14:25  Robotics Bay  
  50  14:27  Pylon  
  50  14:29  Pylon  
  50  14:34  Stalker x2  
  50  14:35  Stalker x2  
  59  14:45  Probe (Chrono Boost)  
  59  14:58  Probe (Chrono Boost)  
  60  15:04  Stalker  
  60  15:05  Stalker x3  
  68  15:14  Colossus  
  39  16:15  Stalker x3  
Show
View Real Time Build Order
Export as new Build Order

Valkyrie Zerg - Winner!

Build Orders: Hatch First, Lurkers 

Get SALT Encoding   

  12  0:02  Drone  
  13  0:13  Overlord  
  13  0:20  Drone  
  14  0:31  Drone x2  
  16  0:37  Drone  
  17  0:53  Hatchery  
  16  0:58  Drone  
  16  1:00  Drone  
  16  1:03  Extractor  
  17  1:16  Spawning Pool  
  16  1:19  Drone  
  16  1:24  Drone  
  18  1:28  Drone  
  19  1:39  Overlord  
  19  2:03  Metabolic Boost  
  19  2:04  Queen  
  19  2:05  Queen  
  23  2:10  Drone  
  23  2:14  Drone x2  
  26  2:22  Drone  
  27  2:28  Drone x3  
  30  2:36  Drone  
  31  2:42  Zergling x2  
  32  2:46  Drone  
  33  3:02  Drone x3  
  36  3:08  Hatchery  
  35  3:14  Drone  
  36  3:20  Roach Warren, Drone  
  36  3:22  Overlord x2  
  36  3:30  Extractor  
  36  3:33  Extractor  
  34  3:35  Drone x2  
  34  3:40  Queen  
  38  3:41  Drone  
  38  3:42  Drone x3  
  38  3:45  Drone  
  43  3:58  Zergling x4  
  43  3:59  Zergling x4, Overlord  
  43  4:01  Overlord  
  47  4:07  Drone  
  48  4:12  Overlord  
  48  4:14  Overlord  
  48  4:21  Roach, Evolution Chamber  
  48  4:22  Roach x4  
  57  4:27  Lair  
  57  4:34  Drone x3  
  60  4:42  Roach x3  
  66  4:53  Zerg Ground Armor Level 1  
  66  4:56  Drone x3, Evolution Chamber  
  66  4:57  Drone  
  69  5:07  Roach x3  
  69  5:08  Zergling x2  
  69  5:09  Zergling x2  
  69  5:14  Overlord  
  77  5:18  Spore Crawler  
  77  5:20  Drone x3  
  79  5:29  Zerg Missile Weapons Level 1  
  79  5:38  Ravager x3  
  79  5:41  Ravager  
  79  5:42  Drone x7  
  90  5:43  Overlord  
  90  5:44  Overlord  
  68  6:15  Zergling x4  
  68  6:16  Zergling x18  
  78  6:20  Glial Reconstitution  
  78  6:24  Drone  
  78  6:25  Drone x2  
  81  6:27  Overlord x2  
  81  6:34  Hydralisk Den  
  80  6:40  Baneling Nest  
  80  6:41  Drone x2, Spore Crawler  
  80  6:42  Overlord  
  80  6:48  Roach x5  
  80  6:52  Overseer  
  90  6:56  Extractor  
  90  6:57  Drone  
  90  6:58  Drone x5  
  90  6:59  Extractor  
  94  7:06  Roach x4  
  102  7:11  Hydralisk  
  102  7:12  Hatchery  
  102  7:13  Grooved Spines  
  103  7:25  Baneling  
  103  7:26  Baneling  
  103  7:29  Zerg Melee Weapons Level 1  
  103  7:33  Hydralisk x2  
  103  7:34  Extractor, Hydralisk  
  108  7:42  Drone x3  
  108  7:43  Drone, Overlord x2  
  108  7:44  Overlord x2  
  112  7:45  Hydralisk  
  114  7:52  Hydralisk x3  
  114  7:53  Hydralisk  
  114  7:54  Overlord  
  114  7:56  Overlord  
  122  8:00  Drone x3  
  125  8:08  Zerg Ground Armor Level 2  
  125  8:10  Zergling x8  
  130  8:20  Drone x8  
  130  8:24  Queen  
  139  8:28  Hydralisk x3  
  139  8:30  Baneling x2  
  145  8:34  Centrifical Hooks  
  145  8:37  Hydralisk x2  
  145  8:41  Drone x3  
  152  8:45  Spore Crawler  
  151  8:52  Hydralisk x4  
  159  9:03  Ravager  
  155  9:23  Hydralisk x8  
  155  9:24  Hydralisk x2  
  151  9:25  Zergling x16  
  139  9:49  Zergling x4  
  129  9:54  Hydralisk x8  
  129  9:56  Queen  
  137  10:07  Extractor  
  137  10:09  Drone x6  
  137  10:14  Overlord  
  142  10:16  Zerg Missile Weapons Level 2  
  142  10:19  Muscular Augments  
  142  10:23  Spine Crawler  
  141  10:37  Roach  
  141  10:38  Roach x7, Zergling x2  
  141  10:39  Zergling x4  
  141  10:40  Overlord x4  
  141  10:42  Overseer  
  160  11:00  Queen  
  160  11:02  Drone x6  
  168  11:06  Zergling x14  
  173  11:36  Baneling x2  
  173  11:37  Baneling x3  
  173  11:38  Zergling x4  
  175  11:40  Drone x2  
  177  11:54  Hatchery  
  177  11:57  Spire, Lurker Den  
  175  12:03  Spore Crawler  
  175  12:04  Spine Crawler  
  175  12:05  Spine Crawler  
  172  12:23  Overlord x2  
  172  12:26  Zerg Melee Weapons Level 2  
  172  12:33  Overseer  
  172  12:36  Pneumatized Carapace  
  171  12:41  Infestation Pit  
  170  12:55  Overseer x2  
  170  12:56  Overseer  
  158  13:38  Baneling  
  158  13:41  Queen  
  160  13:47  Hive  
  160  14:05  Spore Crawler  
  160  14:08  Spine Crawler  
  158  14:12  Spine Crawler  
  158  14:15  Spine Crawler, Pathogen Glands  
  156  14:18  Overlord x2  
  156  14:19  Overseer x2  
  156  14:20  Overseer  
  156  14:30  Extractor  
  155  14:33  Lurker x4  
  155  14:35  Lurker x2  
  161  14:38  Zerg Flyer Weapons Level 1  
  161  14:41  Zergling x2  
  161  14:42  Zergling x8  
  166  14:56  Baneling  
  166  14:57  Zergling x10  
  166  14:58  Zergling x8  
  175  15:00  Lurker  
  175  15:01  Lurker  
  177  15:32  Baneling x3  
  177  15:33  Baneling x3  
  177  15:34  Hatchery, Baneling x2  
Tags
 
Add a new tag
Caveats
  • Supply blocks, unpowered buildings, or Contaminate may cause inaccurate times.
  • Supply counts are checked every 10 seconds.